TOP OF THE 1ST |
Salt Lake City Buzz batting - Pitching for Naperville Battlekings : RHP Jim Unknown
|
Pitching: RHP Jim Unknown
|
|
Batting: RHB Roger Lakes
|
0-0: Called Strike 0-1: Fly out, F8 (Flyball, 8LM)
|
Batting: SHB Shelby Reusch
|
0-0: Ball 1-0: Called Strike 1-1: Foul Ball, location: 2F 1-2: Strikes out swinging
|
Batting: LHB Martín Núñes
|
0-0: Ball 1-0: Called Strike 1-1: Foul Ball, location: 2F 1-2: SINGLE (Line Drive, 78S)
|
Batting: SHB Raymond Bright
|
0-0: Ball 1-0: Called Strike 1-1: Foul Ball, location: 2F 1-2: Strikes out swinging
|
Top of the 1st over - 0 run(s), 1 hit(s), 0 error(s), 1 left on base; Salt Lake City 0 - Naperville 0 |
BOTTOM OF THE 1ST |
Naperville Battlekings batting - Pitching for Salt Lake City Buzz : RHP Suezo Sato
|
Pitching: RHP Suezo Sato
|
|
Batting: RHB Wayne Bannatyne
|
0-0: Foul Ball, location: 2F 0-1: Ball 1-1: Ball 2-1: Fly out, F4 (Popup, 4M)
|
Batting: LHB Jack Mason
|
0-0: Fly out, F8 (Flyball, 8LM)
|
Batting: LHB Cristo Ramírez
|
0-0: Called Strike 0-1: Swinging Strike 0-2: Ball 1-2: Ball 2-2: Ball 3-2: Fly out, F8 (Flyball, 8LXD)
|
Bottom of the 1st over - 0 run(s), 0 hit(s), 0 error(s), 0 left on base; Salt Lake City 0 - Naperville 0 |
TOP OF THE 2ND |
Salt Lake City Buzz batting - Pitching for Naperville Battlekings : RHP Jim Unknown
|
Batting: LHB William Hansen
|
0-0: Fly out, F5 (Popup, 15)
|
Batting: RHB Jim Coffey
|
0-0: Ball 1-0: Ball 2-0: Ball 3-0: Called Strike 3-1: Base on Balls
|
Batting: LHB George Huffman
|
0-0: Foul Ball, location: 2F 0-1: Ball 1-1: Fielders Choice at 2nd, 4-6 (Groundball, 4)
|
Batting: RHB Roberto Ríos
|
0-0: Called Strike 0-1: Called Strike 0-2: Ball 1-2: Fielders Choice at 2nd, 6-4 (Groundball, 6)
|
Top of the 2nd over - 0 run(s), 0 hit(s), 0 error(s), 0 left on base; Salt Lake City 0 - Naperville 0 |
BOTTOM OF THE 2ND |
Naperville Battlekings batting - Pitching for Salt Lake City Buzz : RHP Suezo Sato
|
Batting: LHB Steven Johnstone
|
0-0: Ball 1-0: Ball 2-0: Ball 3-0: Base on Balls
|
Batting: RHB Earnest Veeck
|
0-0: Ball 1-0: Foul Ball, location: 2F 1-1: Ball 2-1: Ball 3-1: SINGLE (Groundball, 6D) Steven Johnstone to second
|
Batting: RHB Carlos Gómez
|
0-0: Ball 1-0: Ball 2-0: SINGLE (Line Drive, 8LS) Steven Johnstone to third Earnest Veeck to second Runner from 3rd tries for Home, SAFE, no throw or cutoff
|
Batting: RHB Tony Sánchez
|
0-0: Called Strike 0-1: Ball 1-1: Ground out 5-3 (Groundball, 56S) Earnest Veeck to third Carlos Gómez to second
|
Batting: RHB Marcus Wade
|
0-0: Called Strike 0-1: Foul Ball, location: 2F 0-2: Ball 1-2: Foul Ball, location: 2F 1-2: Foul Ball, location: 2F 1-2: Ball 2-2: Ball 3-2: Base on Balls
|
Batting: RHB Sal Haynes
|
0-0: Called Strike 0-1: Foul Ball, location: 2F 0-2: Ball 1-2: Strikes out swinging
|
Batting: RHB Wayne Bannatyne
|
0-0: Foul Ball, location: 2F 0-1: Ball 1-1: Foul Ball, location: 2F 1-2: Ball 2-2: Foul Ball, location: 2F 2-2: Ball 3-2: Foul Ball, location: 2F 3-2: Foul Ball, location: 2F 3-2: Base on Balls Earnest Veeck scores Carlos Gómez to third Marcus Wade to second
|
Batting: LHB Jack Mason
|
0-0: Called Strike 0-1: Foul Ball, location: 2F 0-2: Strikes out swinging
|
Bottom of the 2nd over - 2 run(s), 2 hit(s), 0 error(s), 3 left on base; Salt Lake City 0 - Naperville 2 |
TOP OF THE 3RD |
Salt Lake City Buzz batting - Pitching for Naperville Battlekings : RHP Jim Unknown
|
Batting: RHB Larry Brown
|
0-0: Called Strike 0-1: Ball 1-1: Swinging Strike 1-2: Foul Ball, location: 2F 1-2: Ball 2-2: SINGLE (Line Drive, 4D)
|
Batting: RHB Roger Lakes
|
0-0: Ball 1-0: Fly out, F4 (Popup, 4MD)
|
Batting: SHB Shelby Reusch
|
0-0: Foul Ball, location: 2F 0-1: Ball 1-1: Called Strike 1-2: Ball 2-2: Foul Ball, location: 2F 2-2: Foul Ball, location: 2F 2-2: Ball 3-2: Foul Ball, location: 2F 3-2: Fly out, F7 (Flyball, 7LM)
|
Batting: LHB Martín Núñes
|
0-0: Called Strike 0-1: Ball 1-1: Ground out 4-3 (Groundball, 4)
|
Top of the 3rd over - 0 run(s), 1 hit(s), 0 error(s), 1 left on base; Salt Lake City 0 - Naperville 2 |
BOTTOM OF THE 3RD |
Naperville Battlekings batting - Pitching for Salt Lake City Buzz : RHP Suezo Sato
|
Batting: LHB Cristo Ramírez
|
0-0: Foul Ball, location: 2F 0-1: Ball 1-1: Foul Ball, location: 2F 1-2: Ground out U3 (Groundball, 3)
|
Batting: LHB Steven Johnstone
|
0-0: Called Strike 0-1: Reached on error, E6 (Groundball, 6)
|
Batting: RHB Earnest Veeck
|
0-0: DOUBLE (Flyball, 89XD) Steven Johnstone scores
|
Batting: RHB Carlos Gómez
|
0-0: Called Strike 0-1: Swinging Strike 0-2: Foul Ball, location: 2F 0-2: Ground out 5-3 (Groundball, 5S) Earnest Veeck to third
|
Batting: RHB Tony Sánchez
|
0-0: Ball 1-0: Ground out 4-3 (Groundball, 4)
|
Bottom of the 3rd over - 1 run(s), 1 hit(s), 1 error(s), 1 left on base; Salt Lake City 0 - Naperville 3 |
TOP OF THE 4TH |
Salt Lake City Buzz batting - Pitching for Naperville Battlekings : RHP Jim Unknown
|
Batting: SHB Raymond Bright
|
0-0: Called Strike 0-1: Ball 1-1: Ball 2-1: SINGLE (Flyball, 89S)
|
Batting: LHB William Hansen
|
0-0: Called Strike 0-1: SINGLE (Groundball, 34D) Raymond Bright to second Runner from 2nd tries for 3rd, SAFE, throw made to third
|
Batting: RHB Jim Coffey
|
0-0: Called Strike 0-1: Ball Balk! Raymond Bright scores William Hansen to second 1-1: Foul Ball, location: 2F 1-2: Strikes out swinging
|
Batting: LHB George Huffman
|
0-0: Fly out, F8 (Flyball, 89M)
|
Batting: RHB Roberto Ríos
|
0-0: Ball 1-0: Ground out 6-3 (Groundball, 6M)
|
Top of the 4th over - 1 run(s), 2 hit(s), 0 error(s), 1 left on base; Salt Lake City 1 - Naperville 3 |
BOTTOM OF THE 4TH |
Naperville Battlekings batting - Pitching for Salt Lake City Buzz : RHP Suezo Sato
|
Batting: RHB Marcus Wade
|
0-0: Called Strike 0-1: Ball 1-1: Ball 2-1: Ground out 5-3 (Groundball, 5L)
|
Batting: RHB Sal Haynes
|
0-0: SINGLE (Line Drive, 78M)
|
Batting: RHB Wayne Bannatyne
|
0-0: Ball 1-0: Ball 2-0: Foul Ball, location: 2F 2-1: Called Strike 2-2: Ball 3-2: SINGLE (Line Drive, 56D) Sal Haynes to second
|
Batting: LHB Jack Mason
|
0-0: Ground out 3-1 (Groundball, 34) Sal Haynes to third Wayne Bannatyne to second
|
Batting: LHB Cristo Ramírez
|
0-0: Called Strike 0-1: Foul Ball, location: 2F 0-2: Ball 1-2: Ball 2-2: Foul Ball, location: 2F 2-2: Ball 3-2: Base on Balls
|
Batting: LHB Steven Johnstone
|
0-0: DOUBLE (Groundball, 3L) Sal Haynes scores Wayne Bannatyne scores Cristo Ramírez to third Runner from 3rd tries for Home, SAFE, no throw or cutoff
|
Pinch Runner at 2nd Jim Unknown:
|
|
Batting: RHB Earnest Veeck
|
0-0: Foul Ball, location: 2F 0-1: Ball 1-1: Ball 2-1: Foul Ball, location: 2F 2-2: SINGLE (Groundball, 56D) Jim Unknown to third Runner from 3rd tries for Home, SAFE, no throw or cutoff
|
Batting: RHB Carlos Gómez
|
0-0: Called Strike 0-1: Ball Wild Pitch! Earnest Veeck to second 1-1: Ground out 6-3 (Groundball, 6)
|
Bottom of the 4th over - 4 run(s), 4 hit(s), 0 error(s), 1 left on base; Salt Lake City 1 - Naperville 7 |
TOP OF THE 5TH |
Salt Lake City Buzz batting - Pitching for Naperville Battlekings : RHP Jim Unknown
|
Now in CF: Jim Unknown
|
|
Batting: RHB Larry Brown
|
0-0: Fly out, F8 (Flyball, 8RM)
|
Batting: RHB Roger Lakes
|
0-0: Called Strike 0-1: Ball 1-1: Swinging Strike 1-2: Ball 2-2: Ball 3-2: Foul Ball, location: 2F 3-2: SINGLE (Line Drive, 8RS)
|
Batting: SHB Shelby Reusch
|
0-0: Foul Ball, location: 2F 0-1: Fly out, F8 (Flyball, 8RM)
|
Batting: LHB Martín Núñes
|
0-0: Called Strike 0-1: Ball 1-1: Ball 2-1: Swinging Strike 2-2: Foul Ball, location: 2F 2-2: Fielders Choice at 2nd, U4 (Groundball, 4M)
|
Top of the 5th over - 0 run(s), 1 hit(s), 0 error(s), 1 left on base; Salt Lake City 1 - Naperville 7 |
BOTTOM OF THE 5TH |
Naperville Battlekings batting - Pitching for Salt Lake City Buzz : RHP Suezo Sato
|
Batting: RHB Tony Sánchez
|
0-0: Swinging Strike 0-1: Swinging Strike 0-2: Ball 1-2: Ball 2-2: Fly out, F8 (Flyball, 8RM)
|
Batting: RHB Marcus Wade
|
0-0: Ground out 3-1 (Groundball, 34)
|
Batting: RHB Sal Haynes
|
0-0: Called Strike 0-1: Called Strike 0-2: Ball 1-2: Ground out 6-3 (Groundball, 6)
|
Bottom of the 5th over - 0 run(s), 0 hit(s), 0 error(s), 0 left on base; Salt Lake City 1 - Naperville 7 |
TOP OF THE 6TH |
Salt Lake City Buzz batting - Pitching for Naperville Battlekings : RHP Jim Unknown
|
Batting: SHB Raymond Bright
|
0-0: Called Strike 0-1: Ball 1-1: Foul Ball, location: 2F 1-2: Strikes out looking
|
Batting: LHB William Hansen
|
0-0: Fly out, F5 (Popup, 5F)
|
Batting: RHB Jim Coffey
|
0-0: Ball 1-0: Ball 2-0: SINGLE (Line Drive, 7S)
|
Batting: LHB George Huffman
|
0-0: Called Strike 0-1: Ball 1-1: SINGLE (Groundball, 5D) Jim Coffey to second
|
Batting: RHB Roberto Ríos
|
0-0: Called Strike 0-1: Called Strike 0-2: Strikes out swinging
|
Top of the 6th over - 0 run(s), 2 hit(s), 0 error(s), 2 left on base; Salt Lake City 1 - Naperville 7 |
BOTTOM OF THE 6TH |
Naperville Battlekings batting - Pitching for Salt Lake City Buzz : RHP Suezo Sato
|
Pitching: RHP Tom Jones
|
|
Batting: RHB Wayne Bannatyne
|
0-0: Called Strike 0-1: Swinging Strike 0-2: Strikes out swinging
|
Batting: LHB Jack Mason
|
0-0: Swinging Strike 0-1: Called Strike 0-2: Strikes out swinging, 2-3 out at first.
|
Pitching: RHP Eduardo Romero
|
|
Batting: LHB Cristo Ramírez
|
0-0: Ball 1-0: Ground out U3 (Groundball, 3)
|
Bottom of the 6th over - 0 run(s), 0 hit(s), 0 error(s), 0 left on base; Salt Lake City 1 - Naperville 7 |
TOP OF THE 7TH |
Salt Lake City Buzz batting - Pitching for Naperville Battlekings : RHP Jim Unknown
|
Batting: RHB Larry Brown
|
0-0: Foul Ball, location: 2F 0-1: Ground out 6-3 (Groundball, 6)
|
Batting: RHB Roger Lakes
|
0-0: Called Strike 0-1: Fly out, F9 (Flyball, 9D)
|
Batting: SHB Shelby Reusch
|
0-0: Swinging Strike 0-1: Swinging Strike 0-2: Foul Ball, location: 2F 0-2: Ball 1-2: Ball 2-2: Ball 3-2: Ground out U3 (Groundball, 3)
|
Top of the 7th over - 0 run(s), 0 hit(s), 0 error(s), 0 left on base; Salt Lake City 1 - Naperville 7 |
BOTTOM OF THE 7TH |
Naperville Battlekings batting - Pitching for Salt Lake City Buzz : RHP Eduardo Romero
|
Batting: RHB Jim Unknown
|
0-0: Called Strike 0-1: Called Strike 0-2: Strikes out swinging
|
Batting: RHB Earnest Veeck
|
0-0: Ball 1-0: Fly out, F8 (Flyball, 8LXD)
|
Batting: RHB Carlos Gómez
|
0-0: Foul Ball, location: 2F 0-1: Swinging Strike 0-2: Ball 1-2: Foul Ball, location: 2F 1-2: Ball 2-2: Strikes out swinging
|
Bottom of the 7th over - 0 run(s), 0 hit(s), 0 error(s), 0 left on base; Salt Lake City 1 - Naperville 7 |
TOP OF THE 8TH |
Salt Lake City Buzz batting - Pitching for Naperville Battlekings : RHP Jim Unknown
|
Pitching: RHP William Taylor
|
|
Batting: LHB Martín Núñes
|
0-0: Swinging Strike 0-1: Called Strike 0-2: Ball 1-2: Ball 2-2: Foul Ball, location: 2F 2-2: Strikes out looking
|
Batting: SHB Raymond Bright
|
0-0: Ball 1-0: Fly out, F2 (Popup, 25F)
|
Batting: LHB William Hansen
|
0-0: Called Strike 0-1: SOLO HOME RUN (Flyball, 9D), Distance : 371 ft
|
Batting: RHB Jim Coffey
|
0-0: Swinging Strike 0-1: Called Strike 0-2: Strikes out looking
|
Top of the 8th over - 1 run(s), 1 hit(s), 0 error(s), 0 left on base; Salt Lake City 2 - Naperville 7 |
BOTTOM OF THE 8TH |
Naperville Battlekings batting - Pitching for Salt Lake City Buzz : RHP Eduardo Romero
|
Batting: RHB Tony Sánchez
|
0-0: Called Strike 0-1: Ball 1-1: SINGLE (Groundball, 56D)
|
Batting: RHB Marcus Wade
|
0-0: Sac Bunt - play at first, batter OUT! 5-3 Tony Sánchez to second
|
Batting: RHB Sal Haynes
|
0-0: Called Strike 0-1: Called Strike 0-2: Ball 1-2: Fly out, F7 (Flyball, 7D) Runner from 2nd tags up, SAFE at 3rd, no throw
|
Batting: RHB Wayne Bannatyne
|
0-0: Swinging Strike 0-1: Ball 1-1: Ball 2-1: Ball 3-1: Base on Balls
|
Batting: LHB Jack Mason
|
0-0: Foul Ball, location: 2F 0-1: Foul Ball, location: 2F 0-2: Ball 1-2: Ball 2-2: Fly out, F7 (Flyball, 78M)
|
Bottom of the 8th over - 0 run(s), 1 hit(s), 0 error(s), 2 left on base; Salt Lake City 2 - Naperville 7 |
TOP OF THE 9TH |
Salt Lake City Buzz batting - Pitching for Naperville Battlekings : RHP William Taylor
|
Batting: LHB George Huffman
|
0-0: Called Strike 0-1: Ball 1-1: Swinging Strike 1-2: Foul Ball, location: 2F 1-2: Foul Ball, location: 2F 1-2: Strikes out swinging
|
Batting: RHB Roberto Ríos
|
0-0: Foul Ball, location: 2F 0-1: Foul Ball, location: 2F 0-2: Strikes out swinging
|
Batting: RHB Larry Brown
|
0-0: Ball 1-0: Called Strike 1-1: Ball 2-1: Swinging Strike 2-2: Strikes out swinging
|
Top of the 9th over - 0 run(s), 0 hit(s), 0 error(s), 0 left on base; Salt Lake City 2 - Naperville 7 |
|